 Dungeon Crawl Stone Soup version 0.30.2 (webtiles) character file.

Game seed: 4204020517582243773

532 porpoise the Shooter (level 7, -1/61 HPs)
             Began as a Minotaur Hunter on Feb 10, 2024.
             Slain by a phantom (4 damage)
             ... on level 5 of the Dungeon.
             The game lasted 00:09:17 (4357 turns).

porpoise the Shooter (Minotaur Hunter)              Turns: 4357, Time: 00:09:18

Health: -1/61      AC:  7    Str: 16    XL:     7   Next: 3%
Magic:  6/6        EV: 11    Int:  6    God:
Gold:   272        SH:  0    Dex: 15    Spells: 6/6 levels left

rFire   . . .        a - +0 shortbow
rCold   . . .        (shield currently unavailable)
rNeg    . . .        m - +0 ring mail
rPois   .            (helmet restricted)
rElec   .            (no cloak)
rCorr   +            h - +0 pair of gloves
SInv    .            u - +0 pair of boots
Will    .....        D - amulet of the acrobat
Stlth   +            t - ring of flight
HPRegen 0.30/turn    v - ring of resist corrosion
MPRegen 0.10/turn

%: acrobat
@: flying
A: horns 2, retaliatory headbutt
a: no special abilities


You were on level 5 of the Dungeon.
You visited 1 branch of the dungeon, and saw 5 of its levels.

You collected 272 gold pieces.

Inventory:

Hand Weapons
 a - a +0 shortbow (weapon)
 b - a +2 vampiric short sword
 C - a +0 trident of freezing
Missiles
 j - 14 boomerangs
Armour
 c - a +0 leather armour
 h - a +0 pair of gloves (worn)
 m - a +0 ring mail (worn)
 u - a +0 pair of boots (worn)
 z - the +0 ring mail of Untold Secrets {Rampage rF+ Int-4 Dex+4}
   (You found it on level 3 of the Dungeon)

   Int:       It affects your intelligence (-4).
   Dex:       It affects your dexterity (+4).
   rF:        It protects you from fire.
   Rampage:   It bestows one free step when moving towards enemies.
Jewellery
 t - a ring of flight (left hand)
 v - a ring of resist corrosion (right hand)
 D - an amulet of the acrobat (around neck)
Wands
 w - a wand of roots (1)
 B - a wand of acid (3)
Scrolls
 d - 2 scrolls of poison
 e - 2 scrolls of fog
 f - a scroll of vulnerability
 i - a scroll of immolation
 k - 2 scrolls of amnesia
 l - a scroll of acquirement {unknown}
 s - a scroll of fear {unknown}
 y - a scroll of magic mapping {unknown}
Potions
 g - 3 potions of curing
 n - a potion of cancellation
 o - a potion of brilliance
 p - a potion of resistance
 q - a potion of flight {unknown}
 r - a potion of degeneration {unknown}
 x - a potion of mutation {unknown}
 A - 2 potions of heal wounds


   Skills:
 + Level 5.2 Fighting
 * Level 7.3 Ranged Weapons
 - Level 3.0 Armour
 - Level 2.6 Dodging
 - Level 1.4 Stealth


You had 6 spell levels left.
You didn't know any spells.
Your spell library contained the following spells:

 Spells                   Type           Power      Damage    Failure   Level
 Sting                    Tmut/Pois      0%         1d3       67%         1
 Cigotuvi's Dreadful Rot  Necr/Pois/Air  0%         N/A       80%         2
 Lesser Beckoning         Tloc           0%         N/A       80%         2
 Poisonous Vapours        Pois/Air       0%         N/A       80%         2
 Gell's Gravitas          Tloc           0%         N/A       95%         3
 Inner Flame              Hex/Fire       0%         N/A       95%         3
 Teleport Other           Tloc           0%         N/A       95%         3
 Olgreb's Toxic Radiance  Pois           0%         N/A       100%        4
 Yara's Violent Unravell  Hex/Tmut       0%         3d3       100%        5
 Enfeeble                 Hex            0%         N/A       100%        7


Dungeon Overview and Level Annotations

Branches:
Dungeon (5/15)
 Temple: D:4-7

Altars:
Kikubaaqudgha
Wu Jian

Shops:
D:3 =


Innate Abilities, Weirdness & Mutations

You have a pair of horns on your head.
You reflexively headbutt those who attack you in melee.


Message History

The iguana is almost dead.
The phantom hits you. The iguana bites you.
You shoot an arrow.
The arrow hits the iguana but does no damage.
The iguana is almost dead.
The phantom hits you. The iguana barely misses you. The iguana bites you!
The phantom barely misses you.
You are too injured to fight recklessly!
You are too injured to fight recklessly!
You shoot an arrow. The arrow hits the iguana!
You kill the iguana!
The phantom hits you.
The phantom blinks!
You blink.
You have reached level 7!
You shoot an arrow. The arrow misses the phantom.
The phantom barely misses you.
You shoot an arrow. The arrow hits the phantom.
The phantom is moderately damaged.
The phantom hits you.
* * * LOW HITPOINT WARNING * * *
The phantom blinks!
You blink.
You shoot an arrow. The arrow closely misses the phantom.
The phantom closely misses you. x2
You shoot an arrow. The arrow hits the phantom.
The phantom is moderately damaged.
The phantom hits you.
* * * LOW HITPOINT WARNING * * *
You shoot an arrow. The arrow closely misses the phantom.
The phantom hits you.
* * * LOW HITPOINT WARNING * * *
The phantom blinks!
You blink.
A gnoll comes into view. It is wielding a +0 spear.
You shoot an arrow. The gnoll shouts!
The arrow hits the phantom.
The phantom is moderately damaged.
You hear a shout!
The phantom hits you but does no damage.
The gnoll hits you from afar with a +0 spear.
* * * LOW HITPOINT WARNING * * *
You shoot an arrow. The arrow closely misses the phantom.
The phantom hits you.
You die...

..... ......# ...o..#
.5.....# #...#
##...##### +.g......#
#......... ######@..#
#...##W..##
#............#
#####.....[......#
+..##...##...##..#
##.<##ยง..##...##..#
#.................#
#...##...[........# .#
#...##............##..##


You could see a phantom, a gnoll and an orc.

Vanquished Creatures
  A phantom (D:4)
  A scorpion (D:4)
  A hound (D:4)
  3 orc priests
  A sleepcap (D:4)
  Jessica (D:2)
  2 iguanas
  Ijyb (D:4)
  An orc wizard (D:4)
  3 adders (D:4)
  An ufetubus (D:5)
  2 worms
  3 dart slugs
  12 orcs
  3 ball pythons
  5 bats
  8 endoplasms
  4 goblins
  7 hobgoblins
  3 quokkas
  5 frilled lizards
  6 kobolds
  6 rats
80 creatures vanquished.

Notes
Turn   | Place    | Note
-------+----------+-------------------------------------------
     0 | D:1      | porpoise the Minotaur Hunter began the quest for the Orb.
     0 | D:1      | Reached XP level 1. HP: 18/18 MP: 0/0
    62 | D:1      | Reached skill level 1 in Stealth
   114 | D:1      | You fall into a shaft and drop 1 floor!
   128 | D:1      | Reached XP level 2. HP: 23/25 MP: 1/1
   580 | D:1      | Reached XP level 3. HP: 31/31 MP: 2/2
  1087 | D:2      | Noticed Jessica
  1091 | D:2      | Killed Jessica
  1092 | D:2      | Reached skill level 5 in Ranged Weapons
  1102 | D:2      | Got Jessica's Parchment of the Autopsy
  1252 | D:2      | Reached skill level 1 in Armour
  1497 | D:2      | Reached XP level 4. HP: 38/38 MP: 3/3
  2137 | D:3      | Found an ancient bone altar of Kikubaaqudgha.
  2144 | D:3      | Found Cameol's Jewellery Boutique.
  2243 | D:3      | Found a faded altar of an unknown god.
  2318 | D:3      | Reached XP level 5. HP: 46/46 MP: 4/4
  2517 | D:3      | Identified the +0 ring mail of Untold Secrets {Rampage rF+
                  | Int-4 Dex+4}
  2578 | D:3      | Found an ornate altar of the Wu Jian Council.
  2836 | D:4      | Reached skill level 6 in Ranged Weapons
  3018 | D:4      | Noticed Ijyb
  3028 | D:4      | Killed Ijyb
  3029 | D:4      | Reached XP level 6. HP: 43/47 MP: 5/5
  3537 | D:4      | Reached skill level 7 in Ranged Weapons
  3742 | D:4      | Reached skill level 5 in Fighting
  4158 | D:5      | Entered Level 5 of the Dungeon
  4351 | D:5      | Reached XP level 7. HP: 19/61 MP: 6/6
  4356 | D:5      | HP: 3/61 [gnoll/+0 spear[a gnoll bouda] (5)]
  4357 | D:5      | Slain by a phantom

Illustrated notes

Levels and vault maps discovered:
D:1:      heliophobic_arrival_battle_scene, layout_basic
D:2:      layout_basic, grunt_ministairs_12, kennysheep_jessica_study
D:3:      layout_basic, mainiacjoe_overflow_24_doors,
          nicolae_kikubaaqudgha_miasma_corner, serial_shops, shop,
          ebering_ecumenical_altar_ruins
D:4:      layout_basic, bh_walls_and_bars, uniq_ijyb
D:5:      layout_gridville, old_standard_altar, lemuel_tele_altar,
          minmay_temple_entry_drinking_statues, serial_shops,
          nicolae_shop_hallway_plus

Skill      XL: |  1  2  3  4  5  6 |
---------------+-------------------+-----
Stealth        | 1 |  1.4
Fighting       | 3 4 5 |  5.2
Ranged Weapons | 5 6 7 |  7.3
Armour         | 1 2 3 |  3.0
Dodging        | |  2.6

Action                     |  1- 3 |  4- 6 |  7- 9 || total
---------------------------+-------+-------+-------++-------
  Melee: Short sword       |       |     8 |       ||     8
         Headbutt          |       |     3 |       ||     3
   Fire: Shortbow          |    80 |   180 |     7 ||   267
    Use: Scroll            |       |     9 |       ||     9
 Armour: Leather armour    |     4 |       |       ||     4
         Ring mail         |     5 |    51 |     1 ||    57
  Dodge: Dodged            |    14 |    87 |     3 ||   104
